 Dungeon Crawl Stone Soup version 0.24-a0-258-gb86c0f735e (webtiles) character file.

Game seed: 16731177151934430397

126 Holzbalken the Cudgeler (level 4, -1/33 HPs)
             Began as a Demonspawn Gladiator on Apr 19, 2019.
             Was a Follower of Qazlal.
             Slain by a scorpion (8 damage)
             ... on level 4 of the Dungeon.
             The game lasted 00:15:54 (3192 turns).

Holzbalken the Cudgeler (Demonspawn Gladiator)      Turns: 3192, Time: 00:15:55

Health: -1/33      AC:  5    Str: 16    XL:     4   Next: 83%
Magic:  4/4        EV: 10    Int:  9    God:    Qazlal [*.....]
Gold:   168        SH:  9    Dex: 16    Spells: 3/3 levels left

rFire    . . .     SeeInvis .   a - +0 flail
rCold    . . .     Gourm    .   b - +0 shield
rNeg     + . .     Faith    .   u - +0 leather armour
rPois    .         Spirit   .   (helmet restricted)
rElec    .         Reflect  .   (no cloak)
rCorr    .         Harm     .   (no gloves)
MR       .....     Rnd*Tele +   h - +1 pair of boots
Stlth    ++........             k - amulet of the acrobat
HPRegen  0.11/turn              w - ring of teleportation (curse)
MPRegen  0.09/turn              e - ring of positive energy

@: lethally poisoned (-1 -> -7)
A: antennae 1, thin skeletal structure 1
a: Renounce Religion


You were on level 4 of the Dungeon.
You worshipped Qazlal.
Qazlal was aware of your devotion.
You were not hungry.

You visited 1 branch of the dungeon, and saw 4 of its levels.

You collected 168 gold pieces.

Inventory:

Hand Weapons
 a - a +0 flail (weapon)
Missiles
 d - 3 throwing nets (quivered)
Armour
 b - a +0 shield (worn)
 h - a +1 pair of boots (worn)
 u - a +0 leather armour (worn)
Jewellery
 e - a ring of positive energy (right hand)
 k - an amulet of the acrobat (around neck)
 r - an uncursed ring of wizardry
 w - a cursed ring of teleportation (left hand)
Scrolls
 j - 3 scrolls of identify
 q - 3 scrolls of enchant weapon {unknown}
 s - a scroll of teleportation {unknown}
 v - 2 scrolls of enchant armour
 x - a scroll of blinking
 y - a scroll of remove curse
Potions
 c - 2 potions of degeneration {unknown}
 g - a potion of lignification {unknown}
 i - 2 potions of curing {unknown}
 l - a potion of haste
 m - 3 potions of flight
 n - 2 potions of agility
 o - 3 potions of resistance
 p - a potion of mutation
 t - a potion of might {unknown}
Comestibles
 f - 8 rations


   Skills:
 - Level 2.0 Fighting
 + Level 5.0 Maces & Flails
 - Level 1.7 Throwing
 + Level 2.8 Dodging
 + Level 0.3 Shields


You had 3 spell levels left.
You didn't know any spells.
Your spell library contained the following spells:

 Spells                   Type           Power        Failure   Level  Hunger
 Corona                   Hex            #......      97%         1    ##.....
 Ensorcelled Hibernation  Hex/Ice        #.....       99%         2    ###....
 Confuse                  Hex            #.......     100%        3    ####...
 Dazzling Spray           Conj/Hex       #.....       100%        3    ####...
 Tukima's Dance           Hex            #.......     100%        3    ####...


Dungeon Overview and Level Annotations

Branches:
Dungeon (4/15)
 Temple: D:4-7

Altars:
Cheibriados
Fedhas
Okawaru
Qazlal

Shops:
D:4 [


Innate Abilities, Weirdness & Mutations

You have a pair of small antennae on your head.
You have a somewhat thin skeletal structure. (Dex +2, Stealth)


Message History

You closely miss the scorpion.
You feel sick. You block the scorpion's attack.
You hit the scorpion.
The scorpion is lightly wounded.
You feel sick. The scorpion stings you! The scorpion closely misses you.
Your shield and leather armour prevent you from hitting the scorpion.
The scorpion is lightly wounded.
You feel sick. The scorpion barely misses you.
You hit the scorpion but do no damage.
The scorpion is lightly wounded.
You feel sick. The scorpion barely misses you.
You closely miss the scorpion.
The scorpion is lightly wounded.
The scorpion stings you.
* * * LOW HITPOINT WARNING * * *
You block the scorpion's attack.
Your shield prevents you from hitting the scorpion.
The scorpion is lightly wounded.
* * * LOW HITPOINT WARNING * * *
You feel sick. The scorpion stings you!
You die...

. #.# ###.## .##....
###########.##..##
#.##...##...##....
#.##......#.......
#.###.##..PPP.####.###
#....<....P∩P..###.###
#####@##...PP.........
#s###......##.#### ..#
#.###..##.# #### #.#
#..##.# #.# #.###.#
... ... #.# #..###>
... .. ..... .#


You could see a scorpion.

Vanquished Creatures
  4 adders
  An ooze (D:1)
  4 worms
  2 dart slugs
  3 leopard geckos
  7 giant cockroaches
  7 goblins
  6 hobgoblins
  4 jackals (D:2)
  4 quokkas (D:3)
  A ball python (D:3)
  6 bats
  5 frilled lizards
  5 kobolds
  7 rats
66 creatures vanquished.

Notes
Turn   | Place    | Note
-------+----------+-------------------------------------------
     0 | D:1      | Holzbalken the Demonspawn Gladiator began the quest for the
                  | Orb.
     0 | D:1      | Reached XP level 1. HP: 16/16 MP: 1/1
    31 | D:1      | Reached skill level 3 in Maces & Flails
   145 | D:1      | Gained mutation: You have a somewhat thin skeletal
                  | structure. (Dex +2, Stealth) [demonic ancestry]
   145 | D:1      | Reached XP level 2. HP: 19/22 MP: 2/2
   774 | D:1      | Gained mutation: You have a pair of small antennae on your
                  | head. [demonic ancestry]
   774 | D:1      | Reached XP level 3. HP: 27/27 MP: 3/3
  1221 | D:2      | Reached skill level 4 in Maces & Flails
  1554 | D:2      | Found a blossoming altar of Fedhas.
  1554 | D:2      | Found a stormy altar of Qazlal.
  1586 | D:2      | Became a worshipper of Qazlal Stormbringer
  2108 | D:2      | Reached XP level 4. HP: 30/33 MP: 4/4
  2365 | D:3      | Found a snail-covered altar of Cheibriados.
  2630 | D:3      | Found a faded altar of an unknown god.
  2826 | D:3      | Reached * piety under Qazlal
  3150 | D:4      | Found an iron altar of Okawaru.
  3165 | D:4      | Found Tugguf's Antique Armour Emporium.
  3172 | D:4      | Reached skill level 5 in Maces & Flails
  3192 | D:4      | Slain by a scorpion

Levels and vault maps discovered:
D:1:      wander_arrival_fairy_ring, layout_rooms, serial_forest,
          infiniplex_forest_end_3, infiniplex_forest_clump_long,
          infiniplex_forest_lined_2, infiniplex_forest_3_way,
          infiniplex_forest_clump_C, infiniplex_forest_lined_3,
          infiniplex_forest_lined_3_way, infiniplex_forest_join,
          infiniplex_forest_lined_4_way, infiniplex_forest_straight_2,
          minmay_strange_pillars, minmay_indecisive_spiral
D:2:      layout_basic, grunt_temple_overflow_forces_of_nature, first_ration
D:3:      layout_basic, cheibriados_altar_1, chequers_ecumenical_altar_simple,
          minmay_misc_feat_secret_circle
D:4:      layout_loops_cross, marbit_many_paths, okawaru_trees_2, serial_shops,
          nicolae_shop_overgrown_old_shop, corexii_item_surrounded_by_moat,
          minivault_27

Skill      XL: |  1  2  3  4 |
---------------+-------------+-----
Maces & Flails | 3 4 5 |  5.0
Fighting       | |  2.0
Throwing       | |  1.7
Dodging        | |  2.8
Shields        | |  0.3

Action                   |  1- 3 |  4- 6 || total
-------------------------+-------+-------++-------
Melee: Flail             |   143 |    64 ||   207
  Use: Scroll            |       |    10 ||    10
 Stab: Sleeping          |     3 |     7 ||    10
  Eat: Chunk             |     4 |     3 ||     7
Armor: Leather armour    |    36 |    10 ||    46
Dodge: Dodged            |   108 |    36 ||   144
Block: Shield            |       |     6 ||     6

Table legend:
 A = Non-vault XP
 B = Vault XP
 C = Vault XP percentage of total XP
 D = Non-vault monster count
 E = Vault monster count
 F = Vault count percentage of total count
                 A         B        C        D         E       F
            +---------+---------+-------+---------+---------+-------
      Total |     174 |       6 |   3.3 |      62 |       4 |   6.1
            +---------+---------+-------+---------+---------+-------
        D:1 |      44 |       6 |  12.0 |      23 |       4 |  14.8
        D:2 |      49 |       0 |   0.0 |      19 |       0 |   0.0
        D:3 |      68 |       0 |   0.0 |      19 |       0 |   0.0
        D:4 |      13 |       0 |   0.0 |       1 |       0 |   0.0
            +---------+---------+-------+---------+---------+-------
